 Dungeon Crawl Stone Soup version 0.21.1-1-g345015f (webtiles) character file.

65877 RipGuy the Bludgeoner (level 15, -2/96 HPs)
             Began as a Gargoyle Berserker on May 1, 2018.
             Was the Champion of Trog.
             Slain by Snorg (5 damage)
             ... while paralysed by a sphinx
             ... on level 13 of the Dungeon.
             The game lasted 01:05:43 (27538 turns).

RipGuy the Bludgeoner (Gargoyle Berserker)         Turns: 27538, Time: 01:05:44

Health: -2/96      AC: 26    Str: 26    XL:     15   Next: 17%
Magic:  15/15      EV:  2    Int:  9    God:    Trog [******]
Gold:   1722       SH:  0    Dex: 15    Spells: 14/14 levels left

rFire    . . .     SeeInvis .   T - +8 morningstar (holy)
rCold    + . .     Gourm    .   H - +0 shield
rNeg     + + .     Faith    +   V - +4 ring mail {MR+}
rPois    ∞         Spirit   .   x - +0 helmet
rElec    +         Reflect  .   (no cloak)
rCorr    .         Harm     .   A - +1 pair of gloves {archery}
MR       ++...                  (no boots)
Stlth    +.........             E - amulet of faith
HPRegen  0.26/turn              Z - ring "Ahytecu" {rN+ Dex+6}
MPRegen  0.14/turn              p - ring of protection from cold

@: paralysed, berserk cooldown, slowed
A: big wings, negative energy resistance 1, electricity resistance, unbreathing,
petrification resistance, rot immunity, AC +11
a: Fly, Berserk, Trog's Hand, Brothers in Arms, Burn Spellbooks, Renounce
Religion


You were on level 13 of the Dungeon.
You worshipped Trog.
Trog was exalted by your worship.
You were not hungry.

You visited 2 branches of the dungeon, and saw 19 of its levels.

You collected 1722 gold pieces.

Inventory:

Hand Weapons
 g - a +0 morningstar
 T - a +8 morningstar of holy wrath (weapon)
Armour
 m - a +0 pair of gloves
 x - a +0 helmet (worn)
 A - a +1 pair of gloves of archery (worn)
 G - a +1 plate armour
 H - a +0 shield (worn)
 V - a +4 ring mail of magic resistance (worn)
Jewellery
 b - an uncursed ring of positive energy
 d - a +2 amulet of reflection
 e - an uncursed amulet of the gourmand
 f - an uncursed ring of protection from cold
 p - a ring of protection from cold (right hand)
 B - an uncursed ring of protection from cold
 D - an uncursed ring of resist corrosion
 E - an amulet of faith (around neck)
 J - an uncursed ring of positive energy
 Z - the ring "Ahytecu" (left hand) {rN+ Dex+6}
   (You found it on level 4 of the Lair of Beasts)

   [ring of dexterity]

   It affects your dexterity (+6).
   It protects you from negative energy.
Wands
 a - a wand of flame (34)
 q - a wand of digging (19)
 y - a wand of scattershot (1)
 F - a wand of acid (8)
 I - a wand of enslavement (21)
 K - a wand of iceblast (19)
Scrolls
 h - 4 scrolls of teleportation
 k - 14 scrolls of remove curse
 r - a scroll of holy word
 s - 2 scrolls of fog
 t - a scroll of enchant armour
 u - 3 scrolls of random uselessness
 v - a scroll of fear
 M - 6 scrolls of noise
 N - 5 scrolls of amnesia
 P - 2 scrolls of identify
 U - 3 scrolls of magic mapping
Potions
 i - a potion of magic
 j - 3 potions of resistance
 l - 4 potions of flight
 n - 3 potions of brilliance {unknown}
 o - 3 potions of agility
 w - 3 potions of degeneration
 z - 4 potions of curing
 X - 2 potions of berserk rage {unknown}
 Y - a potion of lignification {unknown}
Comestibles
 c - 16 rations


   Skills:
 * Level 12.1 Fighting
   Level 5.7 Long Blades
 - Level 16.0 Maces & Flails
 * Level 9.4 Armour
 - Level 2.6 Dodging
 - Level 0.8 Stealth
 - Level 15.0 Shields


You had 14 spell levels left.
You didn't know any spells.

Dungeon Overview and Level Annotations

Branches:
Dungeon (13/15)            Temple (0/1) D:7            Lair (6/6) D:8
 Shoals (0/4) Lair:2        Snake (0/4) Lair:3        Slime (0/5) Lair:5
    Orc (0/2) D:12
 Vaults: D:13-14

Altars:
Fedhas
Kikubaaqudgha
Jiyva

Shops:
D:5 !   D:6 :

Portals:
Bailey: D:13

Annotations:
D:13 Snorg
Lair:1 exclusion: 2 oklob plants


Innate Abilities, Weirdness & Mutations

You are resistant to torment.
Your stone body is resilient. (AC +11)
You are immune to poison.
Your large and strong wings let you fly indefinitely.
You resist negative energy. (rN+)
You are resistant to electric shocks. (rElec)
You can survive without breathing.
You are immune to petrification.
You are immune to rotting.


Message History

A sphinx comes into view.
Something hits you but does no damage.
Snorg rages.
You hear a grinding noise.
The sphinx casts a spell.
You suddenly lose the ability to move!
You hear a roar!
Something hits you. Snorg bites you!
* * * LOW HITPOINT WARNING * * *
Snorg claws you.
* * * LOW HITPOINT WARNING * * *
Snorg claws you but does no damage.
The sphinx casts a spell.
Something smites you!
* * * LOW HITPOINT WARNING * * *
Snorg bites you!
* * * LOW HITPOINT WARNING * * *
Snorg claws you but does no damage. x2
Something hits you but does no damage. Snorg bites you.
You die...

# # #.# # #T. #y# # #.#
# #.# ## #. ## #.# . #.
.# ###y## #. #. .#
#@Tyc# .##. .#
#(##ey...# .... .#
####H######.#### .#.. .#
#..@).....#.#...#.#.. .#
#.##†####.#.......#.. .#
#.##.#...... ..##..
#############.##.#.##.#
#.##..
......................#
#.##..
#####.######..##.#.#..##
#..)..


You could see Frances, Snorg (berserk), a sphinx, a deep elf mage, a centaur and
3 killer bees.

Vanquished Creatures
  Josephine (D:11)
  The ghost of Verendum the Basher, a journeyman GrMo of Okawaru (D:12)
  4 hydras
  A centaur warrior (D:11)
  A death knight (D:13)
  3 catoblepae (Lair:6)
  4 two-headed ogres
  15 death yaks
  2 skeletal warriors (D:13)
  An unseen horror (D:11)
  A necromancer (Lair:5)
  A lindwurm (Lair:5)
  3 ugly things (D:11)
  2 cyclopes
  3 manticores
  A black mamba (Lair:4)
  3 elephants (Lair:3)
  15 spiny frogs
  2 freezing wraiths (D:13)
  2 ice devils (Lair:2)
  2 komodo dragons (Lair:5)
  4 trolls
  3 meliai (D:13)
  A hornet (D:11)
  6 slime creatures (D:12)
  A polar bear (Lair:2)
  4 blink frogs (Lair:5)
  5 dream sheep (Lair:5)
  6 hippogriffs
  A vampire (D:11)
  A shadow (D:11)
  6 wraiths
  4 hogs (D:9)
  A human (D:9)
  48 yaks
  2 basilisks
  2 wyverns
  A hungry ghost (D:12)
  6 nagas (Lair:3)
  Menkaure (D:5)
  2 vampire mosquitoes (D:12)
  A soldier ant (D:12)
  5 swamp worms (Lair:4)
  21 water moccasins
  15 porcupines
  7 orc warriors
  An elephant zombie (Lair:5)
  An ice beast (D:6)
  3 sky beasts
  3 black bears
  The ghost of Verendum the Cudgeler, an amateur MiMo (D:3)
  An eye of draining (D:7)
  3 necrophages
  8 centaurs
  4 phantoms
  The ghost of Chrigeo the Ducker, an amateur MfIE (D:4)
  6 ogres
  19 wolves
  19 crocodiles
  2 big kobolds
  2 gnoll sergeants (D:8)
  13 bullfrogs
  A wyvern zombie (D:8)
  A wyvern skeleton (D:9)
  6 scorpions
  2 water moccasin skeletons
  24 killer bees
  12 wights
  3 howler monkeys
  3 electric eels
  19 crimson imps
  2 centaur zombies
  7 bullfrog zombies
  3 jellies (D:7)
  7 hounds
  A basilisk zombie (Lair:5)
  7 orc priests
  4 bullfrog skeletons
  2 centaur skeletons
  10 orc wizards
  Natasha (twice) (D:3)
  Terence (D:3)
  8 iguanas
  12 worker ants
  A killer bee zombie (D:10)
  A hound zombie (D:7)
  A worker ant zombie (D:11)
  9 gnolls (D:8)
  A howler monkey skeleton (D:10)
  16 adders
  2 river rats (D:3)
  3 shadow imps
  A white imp (D:9)
  2 oozes
  An adder zombie (D:6)
  21 worms
  2 dart slugs
  6 leopard geckos
  42 orcs
  6 giant cockroaches
  7 goblins
  8 hobgoblins
  24 jackals
  13 kobolds
  10 quokkas
  2 ball pythons (D:2)
  4 bats
  6 frilled lizards
  2 leopard gecko skeletons
  2 quokka skeletons (D:7)
  10 rats
649 creatures vanquished.

Vanquished Creatures (collateral kills)
  A cyclops (D:11)
  A centaur zombie (D:11)
  A centaur skeleton (D:11)
3 creatures vanquished.

Vanquished Creatures (others)
  A killer bee (D:13)
  An orc (D:13)
  3 bushes (Lair:6)
  8 fungi
  7 plants
20 creatures vanquished.

Grand Total: 672 creatures vanquished

Notes
Turn   | Place    | Note
-------+----------+-------------------------------------------
     0 | D:1      | RipGuy the Gargoyle Berserker began the quest for the Orb.
     0 | D:1      | Reached XP level 1. HP: 14/14 MP: 1/1
   325 | D:1      | Reached XP level 2. HP: 19/19 MP: 2/2
   712 | D:1      | Reached XP level 3. HP: 21/24 MP: 3/3
  1381 | D:2      | Reached ** piety under Trog
  1409 | D:2      | Reached XP level 4. HP: 23/29 MP: 4/4
  2053 | D:2      | Reached skill level 4 in Maces & Flails
  2108 | D:2      | Reached XP level 5. HP: 34/34 MP: 5/5
  2881 | D:3      | Noticed a water moccasin
  2902 | D:3      | Killed a water moccasin
  2902 | D:3      | Reached XP level 6. HP: 26/39 MP: 6/6
  3153 | D:3      | Noticed Verendum's ghost (amateur MiMo)
  3168 | D:3      | Killed Verendum's ghost
  3168 | D:3      | Reached skill level 5 in Maces & Flails
  4032 | D:3      | Noticed Natasha
  4042 | D:3      | Killed Natasha
  4071 | D:3      | Noticed Terence
  4089 | D:3      | Killed Terence
  4089 | D:3      | Reached *** piety under Trog
  4204 | D:3      | Noticed Natasha
  4211 | D:3      | Killed Natasha
  4211 | D:3      | Reached XP level 7. HP: 33/44 MP: 7/7
  4389 | D:4      | Noticed Chrigeo's ghost (amateur MfIE)
  4408 | D:4      | Killed Chrigeo's ghost
  4408 | D:4      | Reached skill level 6 in Maces & Flails
  4892 | D:4      | Reached skill level 7 in Maces & Flails
  5027 | D:4      | Reached XP level 8. HP: 34/48 MP: 8/8
  5679 | D:5      | Entered Level 5 of the Dungeon
  5681 | D:5      | Reached skill level 8 in Maces & Flails
  5693 | D:5      | Reached **** piety under Trog
  5780 | D:5      | Reached skill level 9 in Maces & Flails
  5900 | D:5      | Found a sand-covered staircase.
  5963 | D:5      | Found Najogi's Distillery.
  5973 | D:5      | Noticed Menkaure
  5979 | D:5      | Killed Menkaure
  6480 | D:5      | Found an ancient bone altar of Kikubaaqudgha.
  6596 | D:6      | Reached skill level 10 in Maces & Flails
  6598 | D:6      | Reached XP level 9. HP: 44/53 MP: 9/9
  6782 | D:6      | Reached skill level 1 in Shields
  7333 | D:6      | Reached skill level 11 in Maces & Flails
  7450 | D:6      | Found Diwieny's Book Shop.
  7793 | D:7      | Found a staircase to the Ecumenical Temple.
  8195 | D:7      | Reached ***** piety under Trog
  9073 | D:7      | Reached skill level 12 in Maces & Flails
  9080 | D:7      | Identified the Disquisition on Dusty Companions
  9169 | D:7      | Received a gift from Trog
  9169 | D:7      | Reached XP level 10. HP: 49/58 MP: 10/10
  9374 | D:8      | Noticed a two-headed ogre
  9388 | D:8      | Killed a two-headed ogre
  9388 | D:8      | Reached skill level 5 in Shields
  9578 | D:8      | Found a staircase to the Lair.
 10006 | D:8      | Reached skill level 13 in Maces & Flails
 10913 | D:8      | Noticed a two-headed ogre
 10926 | D:8      | Killed a two-headed ogre
 10926 | D:8      | Reached XP level 11. HP: 62/62 MP: 11/11
 12044 | D:9      | Received a gift from Trog
 12152 | D:9      | Reached skill level 14 in Maces & Flails
 12498 | D:10     | Entered Level 10 of the Dungeon
 13104 | D:11     | Noticed a two-headed ogre
 13110 | D:11     | Killed a two-headed ogre
 13133 | D:11     | Noticed a two-headed ogre
 13447 | D:11     | Killed a two-headed ogre
 13712 | D:11     | Noticed a purple ugly thing
 13712 | D:11     | Noticed a red ugly thing
 13713 | D:11     | Noticed a cyclops
 13755 | D:11     | Killed a white ugly thing
 13755 | D:11     | Reached skill level 10 in Shields
 13765 | D:11     | Killed a green ugly thing
 13765 | D:11     | Reached skill level 15 in Maces & Flails
 13775 | D:11     | Killed a cyclops
 13781 | D:11     | Reached XP level 12. HP: 52/68 MP: 12/12
 14205 | D:11     | Noticed Josephine
 14218 | D:11     | Killed Josephine
 14495 | D:11     | Noticed a centaur warrior
 14505 | D:11     | Killed a centaur warrior
 14734 | D:11     | Noticed a four-headed hydra
 14752 | D:11     | Killed a four-headed hydra
 14752 | D:11     | Received a gift from Trog
 14752 | D:11     | Reached skill level 16 in Maces & Flails
 15067 | Lair:1   | Entered Level 1 of the Lair of Beasts
 15903 | Lair:2   | Found a frozen archway.
 16658 | Lair:2   | Found a staircase to the Shoals.
 16669 | Lair:2   | Reached XP level 13. HP: 66/72 MP: 13/13
 17635 | Lair:3   | Found a staircase to the Snake Pit.
 18141 | Lair:3   | Received a gift from Trog
 19584 | Lair:4   | Reached skill level 15 in Shields
 19694 | Lair:4   | Reached skill level 1 in Long Blades
 20568 | Lair:4   | Reached skill level 5 in Long Blades
 21274 | Lair:4   | Received a gift from Trog
 21286 | Lair:4   | Got a smoking bone ring
 21340 | Lair:5   | Reached skill level 5 in Fighting
 22069 | Lair:5   | Reached skill level 5 in Armour
 22069 | Lair:5   | Gained mutation: Your large and strong wings let you fly indefinitely. [Gargoyle growth]
 22069 | Lair:5   | Reached XP level 14. HP: 79/79 MP: 14/14
 22181 | Lair:5   | Found a staircase to the Slime Pits.
 22223 | Lair:5   | Found a viscous altar of Jiyva.
 22627 | Lair:6   | Entered Level 6 of the Lair of Beasts
 22814 | Lair:5   | Received a gift from Trog
 23336 | Lair:6   | Identified the ring "Ahytecu" {rN+ Dex+6} (You found it on level 4 of the Lair of Beasts)
 24182 | Lair:6   | Reached ****** piety under Trog
 24884 | Lair:6   | Reached skill level 10 in Fighting
 25360 | Lair:6   | Received a gift from Trog
 25784 | D:12     | Found a blossoming altar of Fedhas.
 25987 | D:12     | Noticed Verendum's ghost (journeyman GrMo)
 26007 | D:12     | Killed Verendum's ghost
 26204 | D:12     | Found a staircase to the Orcish Mines.
 26235 | D:12     | Received a gift from Trog
 26874 | D:13     | Reached XP level 15. HP: 95/95 MP: 15/15
 27011 | D:13     | Found a flagged portal.
 27501 | D:13     | Received a gift from Trog
 27520 | D:13     | Noticed Snorg
 27536 | D:13     | Noticed a sphinx
 27536 | D:13     | Paralysed by a sphinx for 4 turns
 27537 | D:13     | HP: 3/96 [Snorg (9)]
 27538 | D:13     | Slain by Snorg

Skill      XL: |  1  2  3  4  5  6  7  8  9 10 11 12 13 14 15 |
---------------+----------------------------------------------+-----
Fighting       | 4 5 11 12 | 12.1
Dodging        | 2 |  2.6
Maces & Flails | 4 5 7 10 12 13 15 16 | 16.0
Armour         | 3 5 9 |  9.4
Shields        | 4 8 10 13 15 | 15.0
Long Blades    | 5 |  5.7
Stealth        | |  0.8

Action                   |  1- 3 |  4- 6 |  7- 9 | 10-12 | 13-15 || total
-------------------------+-------+-------+-------+-------+-------++-------
Melee: Mace              |   117 |   259 |       |       |       ||   376
       Morningstar       |       |     4 |   488 |   779 |  1104 ||  2375
Invok: Berserk           |     1 |     3 |     4 |    13 |    19 ||    40
       Burn Spellbooks   |       |       |       |     1 |     1 ||     2
       Brothers in Arms  |       |       |       |     1 |       ||     1
  Use: Scroll            |       |       |    11 |    12 |    21 ||    44
       Potion            |       |       |     2 |     3 |     2 ||     7
 Stab: Distracted        |       |       |       |       |     1 ||     1
  Eat: Chunk             |     3 |     5 |    14 |    12 |    31 ||    65
       Ration            |       |     2 |     2 |     7 |     7 ||    18
Armor: Animal skin       |    22 |       |       |       |       ||    22
       Ring mail         |    39 |   111 |    25 |       |   383 ||   558
       Chain mail        |       |       |   169 |       |       ||   169
       Plate armour      |       |       |   109 |   437 |    74 ||   620
Dodge: Dodged            |    94 |   168 |   158 |   174 |   419 ||  1013
Block: Other             |     5 |    20 |    19 |       |       ||    44
       Shield            |       |       |   143 |   450 |   812 ||  1405
       Reflection        |       |       |     2 |       |       ||     2
